 Dungeon Sprint DCSS version 0.18-a0-46-g45ca8e4 (console) character file.

946 Kellhus the Devastator (level 10, 50/50 HPs)
             Began as a Deep Elf Conjurer on Nov 6, 2015.
             Was a High Priest of Vehumet.
             Quit the game in the Dungeon (Sprint VI: "Thunderdome").
             The game lasted 00:08:30 (922 turns).

Kellhus the Devastator (Deep Elf Conjurer)           Turns: 922, Time: 00:08:31

Health: 50/50      AC:  2    Str: 13    XL:     10   Next: 79%
Magic:  36/41      EV: 13    Int: 27    God:    Vehumet [*****.]
Gold:   130        SH:  0    Dex: 15    Spells: 4 memorised, 29 levels left

rFire  + . .     SeeInvis .     a - staff of wizardry
rCold  + + +     Clarity  .     p - +0 robe
rNeg   . . .     SustAt   .     (no shield)
rPois  .         Gourm    .     (no helmet)
rElec  +         Spirit   .     (no cloak)
rCorr  .         Warding  .     (no gloves)
rMut   .         NoTele   +     (no boots)
MR     +....                    u - amulet of the Scavenger {Inacc rElec Str+4 Int+3}
Stlth  +++.......               s - ring "Ymaaqarch" {rElec rF+ rC+ Stlth+}
                                r - ring of the Trilobite {-Tele rC++ MP+9 Str+4}

@: somewhat resistant to hostile enchantments, fairly stealthy
A: no striking features
a: Renounce Religion
}: 1/15 runes: decaying


You were in the Dungeon.
You worshipped Vehumet.
Vehumet was extremely pleased with you.
You were not hungry.

You visited 1 branch You collected 850 gold pieces.
You spent 720 gold pieces at shops.

Inventory:

Armour
 p - a +0 robe (worn)
Magical Staves
 a - an uncursed staff of wizardry (weapon)
Jewellery
 r - the ring of the Trilobite (left hand) {-Tele rC++ MP+9 Str+4}
   (You bought it in a shop in the Dungeon)

   [ring of magical power]

   It affects your strength (+4).
   It greatly protects you from cold.
   It affects your magic capacity (+9).
   It prevents most forms of teleportation.
 s - the ring "Ymaaqarch" (right hand) {rElec rF+ rC+ Stlth+}
   (You bought it in a shop in the Dungeon)

   [ring of stealth]

   It protects you from fire.
   It protects you from cold.
   It insulates you from electricity.
   It makes you more stealthy.
 t - the amulet "Oqoh" {Spirit MR+ Str+2}
   (You bought it in a shop in the Dungeon)

   [amulet of guardian spirit]

   It causes incoming damage to be split between your health and magic.
   It affects your strength (+2).
   It affects your resistance to hostile enchantments.
 u - the amulet of the Scavenger (around neck) {Inacc rElec Str+4 Int+3}
   (You bought it in a shop in the Dungeon)

   [amulet of inaccuracy]

   It reduces the accuracy of all your attacks.
   It affects your strength (+4).
   It affects your intelligence (+3).
   It insulates you from electricity.
 v - the amulet "Madep" {Inacc *Drain rC+ Str+6 Int-3}
   (You bought it in a shop in the Dungeon)

   [amulet of inaccuracy]

   It reduces the accuracy of all your attacks.
   It affects your strength (+6).
   It affects your intelligence (-3).
   It protects you from cold.
   It causes draining when unequipped.
 w - the amulet of the Lizard {Spirit *Corrode rElec rF+}
   (You bought it in a shop in the Dungeon)

   [amulet of guardian spirit]

   It causes incoming damage to be split between your health and magic.
   It protects you from fire.
   It insulates you from electricity.
   It may corrode your equipment when you take damage.
Wands
 k - a wand of cold (0)
 l - a wand of fire (3)
Scrolls
 i - 4 scrolls of blinking
 m - 3 scrolls of fog
 q - 15 scrolls of remove curse
Potions
 d - a potion of curing
 e - 4 potions of heal wounds
 f - 3 potions of haste
 g - a potion of magic
 h - a potion of berserk rage
 j - a potion of resistance
 o - a potion of experience
Books
 b - a book of Conjurations

   Spells                             Type                      Level
   a - Magic Dart                     Conjuration                  1
   b - Searing Ray                    Conjuration                  2
   c - Dazzling Spray                 Conjuration/Hexes            3
   d - Fulminant Prism                Conjuration/Hexes            4
   e - Iskenderun's Mystic Blast      Conjuration                  4
   f - Iskenderun's Battlesphere      Conjuration/Charms           5


   Skills:
 - Level 2.4 Dodging
 - Level 2.4 Stealth
 + Level 16.7 Spellcasting
 * Level 19.6 Conjurations
 + Level 15.7 Charms


You had 29 spell levels left.
You knew the following spells:

 Your Spells              Type           Power        Failure   Level  Hunger
a - Magic Dart            Conj           ####         0%          1    None
b - Iskenderun's Battles  Conj/Chrm      #######.     1%          5    None
c - Iskenderun's Mystic   Conj           #######.     0%          4    None
m - Mephitic Cloud        Conj/Pois/Air  ######..     1%          3    None


Dungeon Overview and Level Annotations

Branches:
Dungeon (1/1)

Altars:
Cheibriados
Dithmenos
Fedhas
Gozag
Kikubaaqudgha
Makhleb
Okawaru
Qazlal
Ru
Sif Muna
Trog
Vehumet
Xom
Yredelemnul
Zin
The Shining One
Jiyva
Lugonu

Shops:
D *[%??*?*:[((!!!!


Message History

The jelly quivers.
Unknown command.
Casting: Iskenderun's Battlesphere
Confirm with . or Enter, or press ? or * to list all spells.
Aiming: Magic Dart
Press: ? - help, Shift-Dir - straight line, f - jelly
Aim: a jelly The magic dart hits the jelly.
The jelly is moderately wounded.
Your battlesphere fires!
The barrage of energy hits the jelly.
You kill the jelly!
Vehumet accepts your kill.
You feel your power returning.
Quiver which item? (- for none, * to show all) (? for menu, Esc to quit)
Okay, then.
Drink which item? (? for menu, Esc to quit)
Okay, then.
You aren't carrying any food.
Are you sure you want to abandon this character and quit the game? (Confirm with "yes".)

##### ##⌠§⌠## #.....# ##.....##
##∩.....∩## #∩.......∩#
#_......._# #_...@..._#
#_...*..._# ###.........###
#⌠...[.......⌠#
######.8.........8.######
##∩.__......###........_∩##
###∩........8.# #.8........∩###
##.............###.............#
#⌠..........###...###..........⌠#
#⌠..........# #.<.# #..........⌠#
#⌠..........###...###..........⌠#


There were no monsters in sight!

Vanquished Creatures
  the Lernaean hydra (D)
  An ogre mage (D)
  A two-headed ogre (D)
  An air elemental (D)
  3 water elementals (D)
  A steam dragon (D)
  2 insubstantial wisps (D)
  2 sky beasts (D)
  An ice beast (D)
  3 spiders (D)
  2 ogres (D)
  4 brain worms (D)
  A jelly (D)
  4 ogre simulacra (D)
  4 giant cockroaches (D)
31 creatures vanquished.

Notes
Turn   | Place    | Note
--------------------------------------------------------------
     0 | D        | Kellhus the Deep Elf Conjurer began the quest for the Orb.
     0 | D        | Reached XP level 1. HP: 10/10 MP: 6/6
     3 | D        | Found a shadowy altar of Dithmenos.
     4 | D        | Found a radiant altar of Vehumet.
     5 | D        | Found a basalt altar of Yredelemnul.
     5 | D        | Found a deep blue altar of Sif Muna.
     5 | D        | Round 1.
     6 | D        | Found Waaly's Distillery.
     6 | D        | Found a shimmering altar of Xom.
     6 | D        | Found a snail-covered altar of Cheibriados.
     6 | D        | Found Jarigeq's Do-It-Yourself Clinic.
     7 | D        | Found Jekkouc's Staff Store.
     8 | D        | Found Coamaup's Must-Have Magic.
     8 | D        | Found Runn's Magic Scroll Shop.
    13 | D        | Became a worshipper of Vehumet
    28 | D        | Found an opulent altar of Gozag.
    28 | D        | Found an iron altar of Okawaru.
    28 | D        | Found a sacrificial altar of Ru.
    28 | D        | Found Deudduurr's Magic Scroll Shop.
    39 | D        | Found a glowing silver altar of Zin.
    44 | D        | Noticed a brain worm
    45 | D        | Killed a brain worm
    45 | D        | Reached skill level 6 in Spellcasting
    45 | D        | Reached skill level 8 in Conjurations
    45 | D        | Reached XP level 2. HP: 13/15 MP: 1/11
    45 | D        | Reached XP level 3. HP: 16/19 MP: 1/12
    46 | D        | Reached * piety under Vehumet
    46 | D        | Offered knowledge of Shock by Vehumet.
    82 | D        | Noticed a spider
    84 | D        | Killed a spider
    84 | D        | Reached skill level 10 in Conjurations
    84 | D        | Reached XP level 4. HP: 22/24 MP: 6/16
    84 | D        | Reached XP level 5. HP: 25/28 MP: 6/17
   111 | D        | Learned a level 5 spell: Iskenderun's Battlesphere
   115 | D        | Found Yfacleq's Distillery.
   115 | D        | Found Reoluver's Bottled Wisdom.
   120 | D        | Found an ancient bone altar of Kikubaaqudgha.
   121 | D        | Found a burning altar of Makhleb.
   123 | D        | Found a viscous altar of Jiyva.
   123 | D        | Found a bloodstained altar of Trog.
   123 | D        | Found Doathit's Weapon Rack.
   123 | D        | Found Ustacump's Premium Goods.
   124 | D        | Found Ximiappo's Basic Armour.
   124 | D        | Found Mievumix's Miscellaneous Merchandise.
   127 | D        | Found a glowing golden altar of the Shining One.
   128 | D        | Found a corrupted altar of Lugonu.
   129 | D        | Found a blossoming altar of Fedhas.
   130 | D        | Found Kodasuwe's Identification Station.
   130 | D        | Found a stormy altar of Qazlal.
   130 | D        | Found Loaw's Bee Food.
   131 | D        | Found Kituxa Mexu's Advanced Armour.
   131 | D        | Found Gefawiem's Jewellery.
   138 | D        | Noticed a spider
   142 | D        | Killed a spider
   142 | D        | Reached ** piety under Vehumet
   142 | D        | Arena points: 14 (+14) [x2]
   142 | D        | Reached skill level 11 in Conjurations
   204 | D        | Round 2.
   212 | D        | Offered knowledge of Freeze by Vehumet.
   212 | D        | Reached skill level 10 in Spellcasting
   212 | D        | Reached skill level 12 in Conjurations
   212 | D        | Reached XP level 6. HP: 32/32 MP: 6/21
   238 | D        | Reached *** piety under Vehumet
   238 | D        | Reached skill level 13 in Conjurations
   238 | D        | Reached skill level 5 in Charms
   247 | D        | Reached XP level 7. HP: 36/36 MP: 2/23
   257 | D        | Arena points: 50 (+36) [x3]
   272 | D        | Round 3.
   311 | D        | Reached skill level 14 in Conjurations
   327 | D        | Reached **** piety under Vehumet
   384 | D        | Noticed an air elemental
   388 | D        | Killed an air elemental
   388 | D        | Reached XP level 8. HP: 18/41 MP: 9/26
   404 | D        | Arena points: 134 (+84) [x4]
   404 | D        | Reached skill level 15 in Conjurations
   449 | D        | Round 4.
   483 | D        | Noticed an ogre mage
   485 | D        | Noticed a two-headed ogre
   485 | D        | Killed an ogre mage
   485 | D        | Offered knowledge of Mephitic Cloud by Vehumet.
   485 | D        | Reached skill level 16 in Conjurations
   487 | D        | Killed a two-headed ogre
   487 | D        | Reached XP level 9. HP: 34/45 MP: 15/28
   510 | D        | Arena points: 234 (+100) [x5]
   519 | D        | Learned a level 4 spell: Iskenderun's Mystic Blast
   523 | D        | Learned a level 3 spell: Mephitic Cloud
   525 | D        | Round 5.
   525 | D        | Noticed the 27-headed Lernaean hydra
   525 | D        | Noticed an eight-headed hydra
   543 | D        | Killed the 27-headed Lernaean hydra
   543 | D        | Offered knowledge of Conjure Flame by Vehumet.
   543 | D        | Reached ***** piety under Vehumet
   543 | D        | Arena points: 514 (+280) [x7]
   543 | D        | Reached skill level 19 in Conjurations
   543 | D        | Reached skill level 15 in Charms
   543 | D        | Reached XP level 10. HP: 46/50 MP: 14/32
   552 | D        | Got a decaying rune of Zot
   584 | D        | Bought 15 scrolls of remove curse for 450 gold pieces
   596 | D        | Bought a transparent golden ring for 45 gold pieces
   596 | D        | Bought a glittering jade ring for 45 gold pieces
   596 | D        | Identified the ring of the Trilobite {-Tele rC++ MP+9 Str+4} (You bought it in a shop in the Dungeon)
   597 | D        | Identified the ring "Ymaaqarch" {rElec rF+ rC+ Stlth+} (You bought it in a shop in the Dungeon)
   598 | D        | Bought a flickering platinum amulet for 45 gold pieces
   598 | D        | Identified the amulet "Oqoh" {Spirit MR+ Str+2} (You bought it in a shop in the Dungeon)
   599 | D        | Bought a vibrating crystal amulet for 45 gold pieces
   600 | D        | Identified the amulet of the Scavenger {Inacc rElec Str+4 Int+3} (You bought it in a shop in the Dungeon)
   601 | D        | Bought a smoking diamond amulet for 45 gold pieces
   602 | D        | Identified the amulet "Madep" {Inacc *Drain rC+ Str+6 Int-3} (You bought it in a shop in the Dungeon)
   603 | D        | Bought a twitching diamond amulet for 45 gold pieces
   604 | D        | Identified the amulet of the Lizard {Spirit *Corrode rElec rF+} (You bought it in a shop in the Dungeon)
   724 | D        | Round 6.
   732 | D        | Offered knowledge of Venom Bolt by Vehumet.
   870 | D        | Offered knowledge of Fireball by Vehumet.
   870 | D        | Arena points: 946 (+432) [x8]
   918 | D        | Round 7.
   922 | D        | Quit the game

Vault maps used:
D:        arena_sprint

Action                   |  1- 3 |  4- 6 |  7- 9 | 10-12 || total
-------------------------+-------+-------+-------+-------++-------
 Cast: Magic Dart        |     9 |    13 |    28 |    17 ||    67
       Iskenderun's Batt |       |     2 |     7 |     5 ||    14
       Iskenderun's Myst |       |       |     6 |       ||     6
Evoke: Wand              |     4 |     3 |       |       ||     7
  Use: Potion            |       |       |     2 |       ||     2
  Eat: Bread ration      |       |       |       |     1 ||     1
